 Dungeon Crawl Stone Soup version 0.18.1-6-gd335043 (webtiles) character file.

635 Mefis the Magician (level 7, -3/36 HPs)
             Began as a Deep Elf Wizard on May 17, 2016.
             Slain by Menkaure (23 damage)
             ... on level 5 of the Dungeon.
             The game lasted 00:08:30 (5261 turns).

Mefis the Magician (Deep Elf Wizard)                Turns: 5261, Time: 00:08:31

Health: -3/36      AC:  2    Str:  2    XL:     7   Next: 25%
Magic:  11/18      EV: 13    Int: 28    God:
Gold:   188        SH:  0    Dex: 13    Spells: 7 memorised, 3 levels left

rFire  + + .     SeeInvis .     w - +0 rapier
rCold  . . .     Gourm    .     x - +0 robe "Peah" {rF++ MR+ Str-2 Int+3}
rNeg   . . .     Faith    .     (no shield)
rPois  .         Spirit   .     b - +0 hat
rElec  .         Dismiss  +     (no cloak)
rCorr  .         Reflect  .     (no gloves)
SustAt .         Harm     .     (no boots)
MR     +....                    m - amulet of dismissal
Stlth  ++........               (no ring)
                                (no ring)

@: repel missiles, somewhat resistant to hostile enchantments, unstealthy
A: no striking features
a: no special abilities


You were on level 5 of the Dungeon.
You were hungry.

You visited 2 branches of the dungeon, and saw 6 of its levels.

You collected 188 gold pieces.

Inventory:

Hand Weapons
 j - a +0 dagger
 w - a +0 rapier (weapon)
Missiles
 n - 14 poisoned needles
 o - 34 arrows
Armour
 a - a +0 robe
 b - a +0 hat (worn)
 x - the +0 robe "Peah" (worn) {rF++ MR+ Str-2 Int+3}
   (You found it on level 4 of the Dungeon)

   It affects your strength (-2).
   It affects your intelligence (+3).
   It greatly protects you from fire.
   It affects your resistance to hostile enchantments.
Jewellery
 m - an amulet of dismissal (around neck)
 u - an uncursed amulet of rage
Scrolls
 e - 2 scrolls of amnesia {unknown}
 h - 6 scrolls of identify {unknown}
 i - a scroll of enchant armour {unknown}
 p - a scroll of teleportation {unknown}
 r - a scroll of fog {unknown}
 s - 2 scrolls of recharging {unknown}
 t - a scroll of enchant weapon {unknown}
 v - 3 scrolls of remove curse {unknown}
 y - a scroll of magic mapping {unknown}
Potions
 f - a potion of magic {unknown}
 k - a potion of invisibility {unknown}
 l - a potion of heal wounds {unknown}
 q - a potion of degeneration {unknown}
 z - 3 potions of curing {unknown}
Books
 c - a book of Minor Magic

   Spells                             Type                      Level
   a - Magic Dart                     Conjuration                  1
   b - Blink                          Translocation                2
   c - Call Imp                       Summoning                    2
   d - Repel Missiles                 Charms/Air                   2
   e - Slow                           Hexes                        2
   f - Conjure Flame                  Conjuration/Fire             3
   g - Mephitic Cloud                 Conjuration/Poison/Air       3
Comestibles
 d - 3 bread rations
 g - 8 fruits
 B - a beef jerky


   Skills:
 + Level 3.9 Dodging
 + Level 4.0 Stealth
 * Level 6.2 Spellcasting
 + Level 3.7 Conjurations
 + Level 0.6 Hexes
 + Level 1.9 Charms
 + Level 3.1 Summonings
 + Level 2.1 Translocations
 + Level 2.1 Fire Magic
 + Level 2.4 Poison Magic


You had 3 spell levels left.
You knew the following spells:

 Your Spells              Type           Power        Failure   Level  Hunger
a - Magic Dart            Conj           ####         1%          1    None
b - Call Imp              Summ           ####....     2%          2    None
c - Blink                 Tloc           N/A          4%          2    None
d - Repel Missiles        Chrm/Air       ##....       8%          2    None
e - Mephitic Cloud        Conj/Pois/Air  ###.....     10%         3    None
f - Conjure Flame         Conj/Fire      ####....     8%          3    None
g - Slow                  Hex            ##......     10%         2    None


Dungeon Overview and Level Annotations

Branches:
Dungeon (5/15)             Temple (1/1) D:4

Altars:
Ashenzari
Cheibriados
Dithmenos
Fedhas
Gozag
Kikubaaqudgha
Makhleb
Nemelex Xobeh
Okawaru
Qazlal
Ru
Vehumet
Xom
Yredelemnul
The Shining One

Annotations:
D:5 Menkaure


Message History

The magic dart hits Menkaure.
Menkaure is severely damaged.
Casting: Magic Dart
Confirm with . or Enter, or press ? or * to list all spells.
Aiming: Magic Dart
Press: ? - help, Shift-Dir - straight line, f/p - Menkaure
Aim: Menkaure (severely damaged, fast)
The magic dart hits Menkaure.
Menkaure is severely damaged.
You are feeling hungry.
Casting: Magic Dart
Confirm with . or Enter, or press ? or * to list all spells.
Aiming: Magic Dart
Press: ? - help, Shift-Dir - straight line, f/p - Menkaure
Aim: Menkaure (severely damaged, fast)
The magic dart hits Menkaure.
Menkaure is almost destroyed.
Menkaure hits you!!
Ouch! That really hurt!
You die...

#..###......#......#
#....##.#####......##
#.##.##.####..###.#.#
#.##.##.#.......#....
#.......#.......###.#
####.####.......###.#
#.####.......<...#
##...##.......#####
#.@...#.......# #
#.M...#.......# #
#.....######### #
##...## ##.## ... ...
### ... ... #


You could see Menkaure.

Vanquished Creatures
  A phantom (D:5)
  2 ogres (D:5)
  A scorpion (D:4)
  A crimson imp (D:5)
  2 hounds
  4 worker ants
  A worker ant zombie (D:5)
  5 adders
  A gnoll (D:2)
  A shadow imp (D:5)
  An adder skeleton (D:4)
  2 worms (D:3)
  A dart slug (D:1)
  2 giant geckos
  2 orcs (D:3)
  A ball python (D:5)
  7 bats
  4 giant cockroaches
  5 goblins
  3 hobgoblins
  4 jackals (D:2)
  2 kobolds
  A quokka (D:2)
  2 giant newts
  A quokka skeleton (D:4)
  5 rats
62 creatures vanquished.

Vanquished Creatures (collateral kills)
  3 gnolls (D:2)
3 creatures vanquished.

Grand Total: 65 creatures vanquished

Notes
Turn   | Place    | Note
--------------------------------------------------------------
     0 | D:1      | Mefis the Deep Elf Wizard began the quest for the Orb.
     0 | D:1      | Reached XP level 1. HP: 10/10 MP: 7/7
   570 | D:1      | Reached XP level 2. HP: 15/15 MP: 6/9
   574 | D:1      | Learned a level 2 spell: Call Imp
   577 | D:1      | Learned a level 2 spell: Blink
   580 | D:1      | Learned a level 2 spell: Repel Missiles
  1013 | D:2      | Reached XP level 3. HP: 18/19 MP: 1/11
  1018 | D:2      | Learned a level 3 spell: Mephitic Cloud
  1344 | D:2      | Reached skill level 5 in Spellcasting
  1344 | D:2      | Reached XP level 4. HP: 24/24 MP: 7/13
  1349 | D:2      | Learned a level 3 spell: Conjure Flame
  1388 | D:2      | Found a burning altar of Makhleb.
  2699 | D:3      | Reached XP level 5. HP: 26/28 MP: 4/14
  2884 | D:3      | Found an opulent altar of Gozag.
  3102 | D:4      | Reached skill level 1 in Poison Magic
  3137 | D:4      | Found a staircase to the Ecumenical Temple.
  3162 | Temple   | Entered the Ecumenical Temple
  3656 | D:4      | Got a shadowed robe
  3667 | D:4      | Identified the +0 robe "Peah" {rF++ MR+ Str-2 Int+3} (You found it on level 4 of the Dungeon)
  3697 | D:4      | Reached skill level 1 in Fire Magic
  3811 | D:4      | Found a sacrificial altar of Ru.
  3811 | D:4      | Found an iron altar of Okawaru.
  4039 | D:4      | Reached XP level 6. HP: 17/32 MP: 7/16
  4652 | D:5      | Entered Level 5 of the Dungeon
  4731 | D:5      | Found a shimmering altar of Xom.
  4784 | D:5      | Reached skill level 1 in Charms
  4836 | D:5      | Reached skill level 6 in Spellcasting
  4844 | D:5      | Reached XP level 7. HP: 30/36 MP: 3/18
  4848 | D:5      | Learned a level 2 spell: Slow
  5253 | D:5      | Noticed Menkaure
  5261 | D:5      | Slain by Menkaure

Skill      XL: |  1  2  3  4  5  6  7 |
---------------+----------------------+-----
Conjurations   | 2 3 |  3.7
Dodging        | 3 |  3.9
Spellcasting   | 5 6 |  6.2
Summonings     | 2 3 |  3.1
Stealth        | 3 4 |  4.0
Poison Magic   | 1 2 |  2.4
Fire Magic     | 1 2 |  2.1
Charms         | 1 |  1.9
Translocations | 2 |  2.1
Hexes          | |  0.6

Action                   |  1- 3 |  4- 6 |  7- 9 || total
-------------------------+-------+-------+-------++-------
Melee: Rapier            |       |     9 |       ||     9
 Cast: Magic Dart        |    48 |   181 |    25 ||   254
       Call Imp          |     4 |     1 |       ||     5
       Repel Missiles    |     1 |       |       ||     1
       Mephitic Cloud    |       |       |     1 ||     1
  Eat: Chunk             |     1 |     6 |     1 ||     8
       Bread ration      |       |     1 |       ||     1
Armor: Robe              |     2 |     7 |       ||     9
Dodge: Dodged            |    12 |    46 |     3 ||    61
